 Dungeon Crawl Stone Soup version 0.21-a0-372-gd0ff781 (webtiles) character file.

909 Ketzopolo the Basher (level 7, 0/99 HPs)
             Began as a Minotaur Berserker on Oct 16, 2017.
             Was a Priest of Trog.
             Slain by a two-headed ogre
             ... wielding a +0 giant club
              (24 damage)
             ... on level 4 of the Dungeon.
             The game lasted 00:17:07 (4546 turns).

Ketzopolo the Basher (Minotaur Berserker)           Turns: 4546, Time: 00:17:09

Health: 0/99       AC:  9    Str: 27    XL:     7   Next: 81%
Magic:  6/6        EV:  7    Int:  7    God:    Trog [***...]
Gold:   262        SH:  6    Dex: 11    Spells: 6/6 levels left

rFire    . . .     SeeInvis .   r - +1 flail
rCold    . . .     Gourm    .   h - +0 buckler
rNeg     . . .     Faith    .   y - +0 chain mail
rPois    .         Spirit   .   (helmet restricted)
rElec    .         Reflect  +   (no cloak)
rCorr    .         Harm     .   u - +0 pair of gloves
MR       .....                  (no boots)
Stlth    ..........             n - +3 amulet of reflection
HPRegen  0.26/turn              a - +3 ring of intelligence
MPRegen  0.10/turn              (no ring)

@: berserking, heavily drained, very quick
A: retaliatory headbutt, horns 2
a: Berserk, Trog's Hand, Burn Spellbooks, Renounce Religion


You were on level 4 of the Dungeon.
You worshipped Trog.
Trog was most pleased with you.
You were very hungry.

You visited 2 branches of the dungeon, and saw 6 of its levels.

You collected 262 gold pieces.

Inventory:

Hand Weapons
 r - a +1 flail (weapon)
Armour
 h - a +0 buckler (worn)
 u - a +0 pair of gloves (worn)
 y - a +0 chain mail (worn)
Jewellery
 a - a +3 ring of intelligence (left hand)
 n - a +3 amulet of reflection (around neck)
Scrolls
 j - 2 scrolls of magic mapping
 p - a scroll of teleportation
 w - a scroll of remove curse
Potions
 b - a potion of curing
 e - a potion of brilliance
 g - 2 potions of ambrosia
 i - a potion of resistance {unknown}
 m - a potion of degeneration {unknown}
 o - 2 potions of agility {unknown}
 q - 2 potions of lignification {unknown}
 s - a potion of mutation {unknown}
 t - a potion of heal wounds {unknown}
 v - a potion of invisibility {unknown}
 x - a potion of magic {unknown}
Comestibles
 c - 3 bread rations
 d - 4 fruits
 f - 2 meat rations
 z - 10 chunks of flesh


   Skills:
 + Level 7.1(5.2) Fighting
 * Level 9.5(7.5) Maces & Flails
 - Level 2.4(0.8) Armour
 - Level 2.1(0.5) Dodging


You had 6 spell levels left.
You didn't know any spells.

Dungeon Overview and Level Annotations

Branches:
Dungeon (5/15)             Temple (1/1) D:4

Altars:
Cheibriados
Dithmenos
Fedhas
Gozag
Hepliaklqana
Kikubaaqudgha
Makhleb
Nemelex Xobeh
Okawaru
Ru
Trog
Uskayaw
Vehumet
Wu Jian
Xom
Yredelemnul
Zin
The Shining One


Innate Abilities, Weirdness & Mutations

You reflexively headbutt those who attack you in melee.
You have a pair of horns on your head.


Message History

You block the two-headed ogre's attack.
You hit the two-headed ogre.
The two-headed ogre is lightly wounded.
Something hits you but does no damage.
You barely miss the two-headed ogre.
Your headbutt misses the two-headed ogre.
The two-headed ogre is lightly wounded.
The two-headed ogre hits you with a giant club!
* * * LOW HITPOINT WARNING * * *
You block the two-headed ogre's attack.
You bludgeon the two-headed ogre!!
The two-headed ogre is heavily wounded.
Something hits you but does no damage.
You bludgeon the two-headed ogre!!
Your headbutt misses the two-headed ogre.
The two-headed ogre is severely wounded.
The two-headed ogre hits you with a giant club.
* * * LOW HITPOINT WARNING * * *
The two-headed ogre hits you with a giant club!!
You die...

...............................#
...............................#
...............................#
...............................#
........................########
.....รท.............######
......########'#####
......#.....#......#
......#.....#...@..#
......'.....#..O.{(#
......############## #######


You could see a two-headed ogre.

Vanquished Creatures
  Grinder (D:4)
  The ghost of KristoblXynda the Charlatan, an amateur HOAr (D:3)
  An ogre (D:4)
  2 hounds (D:4)
  2 iguanas (D:4)
  3 orc wizards
  A worker ant (D:4)
  A worker ant zombie (D:4)
  9 gnolls
  9 adders
  3 dart slugs
  2 leopard geckos
  10 orcs
  7 bats
  3 bat zombies (D:2)
  16 giant cockroaches
  4 goblins
  4 hobgoblins
  2 jackals (D:2)
  A quokka (D:3)
  2 ball pythons (D:3)
  5 frilled lizards
  10 kobolds
  8 rats
  A rat zombie (D:2)
108 creatures vanquished.

Notes
Turn   | Place    | Note
-------+----------+-------------------------------------------
     0 | D:1      | Ketzopolo the Minotaur Berserker began the quest for the Orb.
     0 | D:1      | Reached XP level 1. HP: 19/19 MP: 0/0
    39 | D:1      | Reached skill level 4 in Maces & Flails
   405 | D:1      | Reached XP level 2. HP: 27/27 MP: 1/1
  1314 | D:2      | Reached ** piety under Trog
  1314 | D:2      | Reached XP level 3. HP: 31/33 MP: 2/2
  1503 | D:2      | Reached skill level 5 in Maces & Flails
  1751 | D:2      | Found an opulent altar of Gozag.
  1784 | D:2      | Reached XP level 4. HP: 41/41 MP: 3/3
  1891 | D:2      | Found an ancient bone altar of Kikubaaqudgha.
  2067 | D:2      | Found a shimmering altar of Xom.
  2250 | D:2      | Found a sparkling altar of Nemelex Xobeh.
  2494 | D:3      | Reached skill level 6 in Maces & Flails
  2496 | D:3      | Reached XP level 5. HP: 47/47 MP: 4/4
  2498 | D:3      | Reached skill level 5 in Fighting
  2539 | D:3      | Found an iron altar of Okawaru.
  2561 | D:3      | Reached *** piety under Trog
  2836 | D:3      | Found a radiant altar of Vehumet.
  3098 | D:3      | Noticed KristoblXynda's ghost (amateur HOAr)
  3112 | D:3      | Killed KristoblXynda's ghost
  3112 | D:3      | Reached skill level 7 in Maces & Flails
  3112 | D:3      | Reached XP level 6. HP: 51/57 MP: 5/5
  3491 | D:4      | Reached skill level 8 in Maces & Flails
  3733 | D:4      | Reached XP level 7. HP: 63/63 MP: 6/6
  3815 | D:4      | Noticed Grinder
  3819 | D:4      | Paralysed by Grinder for 6 turns
  3829 | D:4      | Killed Grinder
  3829 | D:4      | Reached skill level 9 in Maces & Flails
  4102 | D:4      | Found a staircase to the Ecumenical Temple.
  4111 | Temple   | Entered the Ecumenical Temple
  4523 | D:5      | Entered Level 5 of the Dungeon
  4528 | D:5      | Noticed a two-headed ogre
  4546 | D:4      | Slain by a two-headed ogre

Vault maps used:
D:1:      eino_arrival_tree_alley, kennysheep_another_room
D:2:      minmay_roachtagon, lemuel_zombie_altar_kikubaaqudgha,
          nicolae_overflow_crystal_walls, lemuel_coloured_pillars_altar,
          lemuel_doored_altar, cheibrodos_gnoll_hut
D:3:      okawaru_ov_weapons_minmay, fiery_altar_vehumet, minmay_misc_feat_x
D:4:      temple_hall, uniq_grinder
D:5:      cheibrodos_fzero, grunt_temple_overflow_diamond, first_bread
Temple:   minmay_temple_bridge_abc

Skill      XL: |  1  2  3  4  5  6  7 |
---------------+----------------------+-----
Maces & Flails | 4 5 6 7 8 9 |  9.5
Fighting       | 4 5 6 7 |  7.1
Armour         | |  2.4
Dodging        | |  2.1

Action                   |  1- 3 |  4- 6 |  7- 9 || total
-------------------------+-------+-------+-------++-------
Melee: Mace              |    90 |     3 |       ||    93
       Headbutt          |     9 |    29 |     6 ||    44
       Flail             |       |   146 |    63 ||   209
Invok: Berserk           |       |     2 |     2 ||     4
       Trog's Hand       |       |     1 |     1 ||     2
       Burn Spellbooks   |       |       |     1 ||     1
  Use: Scroll            |     1 |     7 |     2 ||    10
  Eat: Chunk             |     3 |     8 |     4 ||    15
Armor: Animal skin       |    19 |       |       ||    19
       Ring mail         |     8 |    33 |       ||    41
       Scale mail        |       |    12 |     4 ||    16
       Chain mail        |       |       |    19 ||    19
Dodge: Dodged            |    56 |    77 |    19 ||   152
Block: Buckler           |     8 |    32 |    17 ||    57
       Reflection        |       |       |     1 ||     1

Table legend:
 A = Spawn XP
 B = Non-spawn XP
 C = Spawn XP percentage of total XP
 D = Spawn monster count
 E = Non-spawn monster count
 F = Spawn count percentage of total count
 G = Total turns spent on level
                    A         B        C        D         E        F      G
               +---------+---------+-------+---------+---------+-------+---------
         Total |       0 |    1299 |   0.0 |       0 |     108 |   0.0 |  4546
               +---------+---------+-------+---------+---------+-------+---------
           D:1 |       0 |      37 |   0.0 |       0 |      22 |   0.0 |  1307
           D:2 |       0 |     134 |   0.0 |       0 |      41 |   0.0 |  1122
           D:3 |       0 |     394 |   0.0 |       0 |      25 |   0.0 |  1053
           D:4 |       0 |     734 |   0.0 |       0 |      20 |   0.0 |   803
               +---------+---------+-------+---------+---------+-------+---------
